 Dungeon Crawl Stone Soup version 0.31-a0-1009-g454b1f1e0a (webtiles) character file.

Game seed: 2527940663218432232

5683 Queen the Blocker (level 11, -1/85 (87) HPs)
             Began as a Formicid Fighter on Nov 15, 2023.
             Was a Follower of the Shining One.
             Slain by a two-headed ogre
             ... wielding a +0 giant club
              (18 damage)
             ... on level 9 of the Dungeon.
             The game lasted 00:25:44 (12061 turns).

Queen the Blocker (Formicid Fighter)               Turns: 12061, Time: 00:25:44

HP:   -1/85 (87)    AC: 14    Str: 24    XL:     11   Next: 4%
MP:   15/15         EV:  7    Int:  9    God:    the Shining One [*.....]
Gold: 475           SH:  6    Dex: 13    Spells: 10/10 levels left

rFire   . . .        B - +0 halberd
rCold   . . .        c - +0 buckler
rNeg    . . .        C - +0 plate armour
rPois   .            (helmet unavailable)
rElec   .            b - scarf {repulsion}
rCorr   .            (no gloves)
SInv    +            (no boots)
Will    +....        (no amulet) Stlth
                     (no ring)
HPRegen 0.34/turn    (no ring)
MPRegen 0.14/turn

%: repel missiles
@: mighty, glowing, lightly drained
A: permanent stasis, dig shafts and tunnels, antennae 3, four strong arms
a: Dig, Shaft Self, Renounce Religion, Divine Shield


You were on level 9 of the Dungeon.
You worshipped the Shining One.
The Shining One was aware of your devotion.
You visited 2 branches of the dungeon, and saw 10 of its levels.

You collected 475 gold pieces.

Inventory:

Hand Weapons
 B - a +0 halberd (weapon)
Armour
 b - a scarf of repulsion (worn)
 c - a +0 buckler (worn)
 C - a +0 plate armour (worn)
Jewellery
 s - a +6 ring of dexterity
 x - a ring of fire
Wands
 w - a wand of light (9)
 y - a wand of paralysis (1)
Scrolls
 f - 3 scrolls of noise
 i - a scroll of blinking {unknown}
 j - a scroll of enchant armour
 l - 2 scrolls of fear
 m - 4 scrolls of teleportation {unknown}
 n - a scroll of torment
 o - 4 scrolls of immolation {unknown}
 p - a scroll of vulnerability {unknown}
 r - a scroll of revelation {unknown}
 u - 3 scrolls of amnesia {unknown}
 D - a scroll of poison {unknown}
Potions
 a - 2 potions of cancellation
 d - 2 potions of might
 e - a potion of haste
 h - 4 potions of curing
 k - 2 potions of mutation {unknown}
 q - 4 potions of attraction {unknown}
 t - a potion of invisibility {unknown}
 v - 2 potions of ambrosia {unknown}
 z - 2 potions of resistance {unknown}
 A - a potion of berserk rage {unknown}


   Skills:
 + Level 8.9 Fighting
 + Level 7.8 Polearms
 + Level 8.9 Armour
 + Level 10.6 Shields
 + Level 5.4 Invocations


You had 10 spell levels left.
You didn't know any spells.
Your spell library contained the following spells:

 Spells                   Type           Power      Damage    Failure   Level
 Foxfire                  Conj/Fire      0%         2x1d4     99%         1
 Magic Dart               Conj           0%         1d3       99%         1
 Call Imp                 Summ           0%         N/A       100%        2
 Ensorcelled Hibernation  Hex/Ice        0%         N/A       100%        2
 Passwall                 Tmut/Erth      0%         N/A       100%        2
 Scorch                   Fire           0%         2d5       100%        2
 Frozen Ramparts          Ice            0%         1d1       100%        3
 Gell's Gravitas          Tloc           0%         N/A       100%        3
 Mephitic Cloud           Conj/Pois/Air  0%         N/A       100%        3
 Teleport Other           Tloc           0%         N/A       100%        3
 Tukima's Dance           Hex            0%         N/A       100%        3
 Flame Wave               Conj/Fire      0%         2d4       100%        4
 Passage of Golubria      Tloc           0%         N/A       100%        4
 Petrify                  Tmut/Erth      0%         N/A       100%        4
 Metabolic Englaciation   Hex/Ice        0%         N/A       100%        5
 Yara's Violent Unravell  Hex/Tmut       0%         3d3       100%        5
 Dispersal                Tloc           0%         N/A       100%        6
 Plasma Beam              Fire/Air       0%         2x1d10    100%        6
 Starburst                Conj/Fire      0%         6d3       100%        6
 Summon Cactus Giant      Summ           0%         N/A       100%        6
 Swiftness                Air            Unusable   N/A       N/A         3

Dungeon Overview and Level Annotations

Branches:
Dungeon (9/15)             Temple (1/1) D:6
   Lair: D:8-11         Orc: D:9-12

Altars:
Ashenzari
Cheibriados
Dithmenos
Hepliaklqana
Kikubaaqudgha
Makhleb
Nemelex Xobeh
Okawaru
Ru
Trog
Vehumet
Wu Jian
Yredelemnul
Zin
The Shining One

Shops:
D:5 *

Annotations:
D:3 2 runed translucent doors, Arezz's ghost, amateur DrWn
D:5 exclusion: downstairs
D:8 exclusion: downstairs


Innate Abilities, Weirdness & Mutations

You cannot be hasted, slowed, berserked, paralysed or teleported.
You can dig through walls and to a lower floor.
You have a pair of large antennae on your head. (SInv)
Your four strong arms can wield two-handed weapons with a shield.


Message History

The orc warrior hits you but does no damage.
Aiming: Paralyse
Press: ? - help, Shift-Dir - straight line, f/p - wight
Aim: a wight, wielding a +0 great sword and wearing a +0 robe (haloed, chance to affect: 49%)
The wight resists with some effort.
You block the wight's attack.
The orc warrior hits you from afar with a +3 halberd of protection.
* * * LOW HITPOINT WARNING * * *
Aiming: Paralyse
Press: ? - help, Shift-Dir - straight line, f/p - wight
Aim: a wight, wielding a +0 great sword and wearing a +0 robe (haloed, chance to affect: 49%)
The wight resists with some effort.
The wight hits you with a +0 great sword.
* * * LOW HITPOINT WARNING * * *
You feel drained.
* * * LOW HITPOINT WARNING * * *
Aiming: Paralyse
Press: ? - help, Shift-Dir - straight line, f/p - wight
Aim: a wight, wielding a +0 great sword and wearing a +0 robe (haloed, chance to affect: 49%)
The wight suddenly stops moving!
The wight hits you with a +0 long sword.
* * * LOW HITPOINT WARNING * * *
The wight barely misses you.
The two-headed ogre attacks as it pursues you!
You block the two-headed ogre's attack.
The two-headed ogre hits you with a +0 giant club.
* * * LOW HITPOINT WARNING * * *
You feel much better. You block the wight's attack.
You feel very mighty all of a sudden.
The orc warrior hits you from afar with a +3 halberd of protection!
* * * LOW HITPOINT WARNING * * *
The wight hits you with a +0 long sword.
* * * LOW HITPOINT WARNING * * *
The two-headed ogre barely misses you. You block the two-headed ogre's attack.
You impale the two-headed ogre!!
The two-headed ogre is moderately wounded.
The orc warrior hits you from afar with a +3 halberd of protection.
* * * LOW HITPOINT WARNING * * *
You block the wight's attack. The two-headed ogre closely misses you.
The two-headed ogre hits you with a +0 giant club!!
You die...

#.... . . #....##.
.. ##......# ...
#.......####.....
##.>...z.........
#........)##...#
#.......o####.#
......!zO..#..##.
........@........
..###......#.....
. #.....)##....
####....).# ..#
.##..#.....###..##
..................
<.....##......)...
.......#..(.......
...?.....<#.......


You could see a two-headed ogre, an orc warrior and 2 wights.

Vanquished Creatures
  A two-headed ogre (D:8)
  3 shadows
  3 wyverns
  A yak (D:8)
  Eustachio (D:6)
  2 steam dragons
  2 orc warriors
  An ice beast (D:7)
  4 black bears
  3 sky beasts
  An ogre (D:6)
  4 phantoms
  3 centaurs
  7 kobold brigands
  4 bullfrogs
  A gnoll sergeant (D:4)
  A scorpion (D:7)
  4 wights
  3 killer bees (D:8)
  3 howler monkeys
  6 hounds
  A jelly (D:4)
  A gnoll bouda (D:7)
  2 orc priests
  2 sleepcaps
  5 iguanas
  An orc wizard (D:9)
  9 gnolls
  8 adders
  A shadow imp (D:8)
  2 ufetubi (D:6)
  3 worms
  2 dart slugs (D:4)
  14 orcs
  6 ball pythons
  10 endoplasms
  5 giant cockroaches
  4 goblins
  4 hobgoblins
  4 jackals
  34 kobolds
  2 quokkas
  6 bats
  4 frilled lizards
  6 rats
194 creatures vanquished.

Notes
Turn   | Place    | Note
-------+----------+-------------------------------------------
     0 | D:1      | Queen the Formicid Fighter began the quest for the Orb.
     0 | D:1      | Reached XP level 1. HP: 18/18 MP: 1/1
    55 | D:1      | Reached XP level 2. HP: 24/24 MP: 2/2
   264 | D:1      | Reached XP level 3. HP: 22/29 MP: 3/3
   861 | D:2      | Reached XP level 4. HP: 30/37 MP: 4/4
   972 | D:2      | Noticed a phantom
  1002 | D:2      | Killed a phantom
  1003 | D:2      | Reached skill level 5 in Shields
  1003 | D:2      | Reached XP level 5. HP: 29/42 MP: 5/5
  1203 | D:2      | Noticed a phantom
  1210 | D:2      | Killed a phantom
  1211 | D:2      | Reached XP level 6. HP: 47/49 MP: 6/6
  2582 | D:3      | Found a large runed translucent door.
  2585 | D:3      | Found a large runed translucent door.
  2587 | D:3      | Noticed Arezz's ghost (amateur DrWn)
  2625 | D:3      | Found a sacrificial altar of Ru.
  3251 | D:4      | Noticed a sky beast
  3272 | D:4      | Killed a sky beast
  3478 | D:4      | Reached XP level 7. HP: 54/55 MP: 7/7
  3695 | D:4      | Found a broken altar of Ashenzari.
  3747 | D:4      | Reached skill level 5 in Armour
  3747 | D:4      | Reached skill level 6 in Shields
  3890 | D:4      | Reached skill level 5 in Fighting
  4616 | D:4      | Found a broken altar of Ashenzari.
  5084 | D:5      | Entered Level 5 of the Dungeon
  5121 | D:5      | Reached XP level 8. HP: 63/63 MP: 8/8
  5205 | D:5      | Reached skill level 7 in Shields
  5791 | D:5      | Found Kiorph's Assorted Antiques.
  6270 | D:6      | Reached skill level 5 in Polearms
  6290 | D:6      | Noticed Eustachio
  6519 | D:6      | Reached skill level 8 in Shields
  6519 | D:6      | Reached XP level 9. HP: 55/71 MP: 9/9
  6888 | D:6      | Found a staircase to the Ecumenical Temple.
  7047 | D:6      | Killed Eustachio
  7212 | D:6      | Found a staircase to the Ecumenical Temple.
  7844 | Temple   | Found a transporter.
  7844 | Temple   | Found a transporter.
  7844 | Temple   | Found a transporter.
  7844 | Temple   | Found a transporter.
  7844 | Temple   | Entered the Ecumenical Temple
  7859 | Temple   | Became a worshipper of the Shining One
  8749 | D:7      | Reached skill level 1 in Invocations
  8839 | D:7      | Reached skill level 9 in Shields
  9893 | D:7      | Reached XP level 10. HP: 46/79 MP: 11/11
 11019 | D:9      | Noticed a two-headed ogre
 11053 | D:8      | Reached skill level 10 in Shields
 11521 | D:9      | Noticed a two-headed ogre
 11533 | D:8      | HP: 3/82 [kobold/+0 short sword (4)]
 11546 | D:8      | Killed a two-headed ogre
 11547 | D:8      | Reached skill level 5 in Invocations
 12026 | D:9      | Reached * piety under the Shining One
 12034 | D:9      | Reached XP level 11. HP: 86/87 MP: 13/15
 12061 | D:9      | Slain by a two-headed ogre

Illustrated notes

Levels and vault maps discovered:
D:1:      saegor_arrival_simple_a, layout_rooms, serial_bayou_pond_a,
          minmay_small_reverse_x
D:2:      layout_loops_corners
D:3:      layout_loops_ring, mainiacjoe_overflow_chevrons,
          ebering_ghost_disaster_area
D:4:      layout_gridville, old_standard_altar, minmay_pentangle
D:5:      layout_loops_corners, serial_shops, nicolae_shop_trees
D:6:      kennysheep_spiral_hall, layout_basic, minmay_temple_entry_glass,
          uniq_eustachio
D:7:      layout_basic
D:8:      layout_rooms, bh_walls_and_bars
D:9:      layout_cave_pools, minitemple, elyvilon_altar_5,
          minmay_fractal_squares_diagonal_5
Temple:   hellmonk_temple_divided_pantheon

Skill      XL: |  1  2  3  4  5  6  7  8  9 10 |
---------------+-------------------------------+-----
Fighting       | 4 5 6 7 8 |  8.9
Polearms       | 3 4 5 6 7 |  7.8
Armour         | 4 5 6 7 8 |  8.9
Shields        | 5 6 8 9 10 | 10.6
Invocations    | 2 5 |  5.4

Action                     |  1- 3 |  4- 6 |  7- 9 | 10-12 || total
---------------------------+-------+-------+-------+-------++-------
  Melee: Trident           |   113 |   134 |   273 |       ||   520
         Halberd           |       |       |    77 |   218 ||   295
Ability: Dig               |       |     5 |     2 |       ||     7
  Evoke: Wand              |       |       |       |     7 ||     7
    Use: Scroll            |       |     7 |     1 |     1 ||     9
         Potion            |       |       |     2 |     3 ||     5
 Armour: Scale mail        |    43 |       |       |       ||    43
         Chain mail        |    25 |    63 |   328 |       ||   416
         Skin              |       |       |    22 |       ||    22
         Plate armour      |       |       |       |   280 ||   280
  Dodge: Dodged            |    34 |    37 |   170 |   101 ||   342
         Repelled          |       |       |       |     2 ||     2
  Block: Buckler           |    25 |    19 |   106 |   116 ||   266

Table legend: (Time is in decaauts)
 A = Elapsed time spent in this place.
 B = Non-inter-level travel time spent in this place.
 C = Inter-level travel time spent in this place.
 D = Time resting spent in this place.
 E = Time spent auto-exploring this place.
 F = Levels seen in this place.
 G = Mean time per level.
                   A        B        C        D        E       F      G
               +--------+--------+--------+--------+--------+-----+--------+
         Total |  12302 |  11812 |    490 |   2596 |   7192 |  10 | 1230.2 |
       Dungeon |  12271 |  11792 |    479 |   2596 |   7192 |   9 | 1363.4 |
        Temple |     30 |     20 |     10 |      0 |      0 |   1 |   30.0 |
               +--------+--------+--------+--------+--------+-----+--------+

Top non-repeatable levels by time:
     D:6: 2336 daAuts
     D:8: 1992 daAuts
     D:2: 1771 daAuts
     D:4: 1731 daAuts
     D:7: 1459 daAuts
     D:5: 1111 daAuts
     D:3: 994 daAuts
     D:1: 671 daAuts
     D:9: 203 daAuts
  Temple: 30 daAuts
